 Dungeon Crawl Stone Soup version 0.32-a0-791-gfc315c9ecd (webtiles) character file.

Game seed: 16222394115292037690

211267 TrayleKats the Brawler (level 17, -2/154 HPs)
             Began as a Troll Fighter on Mar 15, 2024.
             Was the Champion of Ru.
             Constricted to death by a nagaraja (5 damage)
             ... on level 4 of the Snake Pit on Mar 20, 2024.
             The game lasted 00:58:52 (32300 turns).

TrayleKats the Brawler (Troll Fighter)             Turns: 32300, Time: 00:58:52

Health: -2/154     AC: 13    Str: 30    XL:     17   Next: 58%
Magic:  16/16      EV: 12    Int:  4    God:    Ru [******]
Gold:   1836       SH: 12    Dex:  9    Spells: 16/16 levels left

rFire   . .          .
                       - Unarmed
rCold   + . .        Z - +1 kite shield {AC+3}
rNeg    . . .        u - +1 robe {rF+}
rPois   x            D - +2 hat {Will+}
rElec   .            p - +1 cloak of the Guild-Master {rC++ Regen+ Str-4}
rCorr   .            (gloves unavailable)
SInv    .            (boots unavailable)
Will    ++...        e - amulet of regeneration
Stlth   +            f - +5 ring of evasion
HPRegen 2.85/turn    C - +5 ring of evasion
MPRegen 0.15/turn

%: no passive effects
@: lethally poisoned (-2 -> -33), poison vulnerable, constricted
A: large, unfitting armour, claws 3, frail 1, regeneration 1, shaggy fur 1,
tough skin 1, hated by all, inexperienced 1, temperature sensitive
a: Renounce Religion, Draw Out Power, Power Leap, Apocalypse


You were on level 4 of the Snake Pit.
You worshipped Ru.
Ru was exalted by your worship.
You visited 6 branches of the dungeon, and saw 28 of its levels.
You also visited: Sewer and Gauntlet.

You collected 2411 gold pieces.
You spent 575 gold pieces at shops.

Inventory:

Missiles
 m - 14 boomerangs (quivered)
 r - a throwing net
 s - 6 javelins
 H - 4 silver javelins
 X - 59 large rocks
Armour
 b - a +5 kite shield
 p - the +1 cloak of the Guild-Master (worn) {rC++ Regen+ Str-4}
   (You found it in a Gauntlet)

   Str-4:     It affects your strength (-4).
   rC++:      It greatly protects you from cold.
   Regen+:    It increases your rate of health regeneration.
 u - a +1 robe of fire resistance (worn)
 D - a +2 hat of willpower (worn)
 W - a +0 troll leather armour
 Z - a +1 kite shield of protection (worn)
Jewellery
 e - an amulet of regeneration (around neck)
 f - a +5 ring of evasion (left claw)
 C - a +5 ring of evasion (right claw)
 E - a ring of protection from fire
 F - a ring of magical power
 L - a ring of resist corrosion
 T - a +6 ring of dexterity
Wands
 o - a wand of iceblast (43)
 q - a wand of flame (34)
 M - a wand of mindburst (9)
 R - a wand of polymorph (9)
 V - a wand of light (4)
 Y - a wand of digging (6)
Scrolls
 a - 3 scrolls of revelation
 t - a scroll of silence
 v - 10 scrolls of teleportation
 y - 3 scrolls of noise
 z - a scroll of blinking
 B - 2 scrolls of poison
 G - a scroll of brand weapon
 J - 4 scrolls of fear
 K - 2 scrolls of fog
 N - 8 scrolls of identify
 O - 3 scrolls of amnesia
 P - a scroll of enchant weapon
 Q - 2 scrolls of vulnerability
 S - 3 scrolls of enchant armour
Potions
 c - 2 potions of might
 d - a potion of berserk rage
 g - 4 potions of attraction
 h - 8 potions of mutation
 i - 5 potions of ambrosia
 j - 4 potions of invisibility
 k - 2 potions of resistance
 l - 2 potions of heal wounds
 n - 5 potions of curing
 w - 3 potions of haste
 x - 4 potions of enlightenment
 A - 4 potions of lignification
 I - 2 potions of brilliance
Miscellaneous
 U - a phial of floods


   Skills:
 + Level 12.2 Fighting
 + Level 12.8 Throwing
 + Level 8.6 Armour
 + Level 12.9 Dodging
 + Level 13.1 Shields
 + Level 18.7 Unarmed Combat


You had 16 spell levels left.
You didn't know any spells.
Your spell library contained the following spells:

 Spells                   Type           Power      Damage    Failure   Level
 Freeze                   Ice            0%         1d3       63%         1
 Kiss of Death            Conj/Necr      0%         2d5       63%         1
 Shock                    Conj/Air       0%         1d3       63%         1
 Static Discharge         Conj/Air       0%         3-3/arc   77%         2
 Confusing Touch          Hex            0%         N/A       94%         3
 Frozen Ramparts          Ice            0%         1d1       94%         3
 Hailstorm                Conj/Ice       0%         3d5       94%         3
 Swiftness                Air            0%         N/A       94%         3
 Volatile Blastmotes      Fire/Tloc      0%         2d10      94%         3
 Airstrike                Air            0%         2d(0-16)  100%        4
 Brom's Barrelling Bould  Conj/Erth      0%         2d3       100%        4
 Dispel Undead            Necr           0%         3d6       100%        4
 Leda's Liquefaction      Alch/Erth      0%         N/A       100%        4
 Petrify                  Alch/Erth      0%         N/A       100%        4
 Borgnjor's Vile Clutch   Necr/Erth      0%         N/A       100%        5
 Fireball                 Conj/Fire      0%         3d3       100%        5
 Iskenderun's Battlesphe  Conj           0%         2d6       100%        5
 Lee's Rapid Deconstruct  Erth           0%         3d4*      100%        5
 Metabolic Englaciation   Hex/Ice        0%         N/A       100%        5
 Bombard                  Conj/Erth      0%         9d1       100%        6
 Conjure Ball Lightning   Conj/Air       0%         3x3d6     100%        6
 Orb of Destruction       Conj           0%         9d5       100%        7
 Shatter                  Erth           0%         3d5*      100%        9
 Animate Armour           Summ/Erth      Unusable   N/A       N/A         4
 Summon Lightning Spire   Summ/Air       Unusable   N/A       N/A         4
 Spellforged Servitor     Conj/Summ      Unusable   N/A       N/A         7

Dungeon Overview and Level Annotations

Branches:
Dungeon (15/15)            Temple (0/1) D:4            Lair (5/5) D:8
 Shoals (0/4) Lair:3        Snake (4/4) Lair:3        Slime (1/5) Lair:5
    Orc (2/2) D:9             Elf (0/3) Orc:2        Vaults (0/5) D:13
 Depths (1/4) D:15          Sewer (visited)         Gauntlet (visited)

Altars:
Ashenzari
Cheibriados
Dithmenos
Elyvilon
Gozag
Ru
Sif Muna
Trog
Uskayaw
Vehumet
Xom

Shops:
D:5 [   Orc:2 :?*(

Annotations:
D:11 2 transporters
Lair:3 1 runed translucent door, exclusion: 2 oklob plants, Dineis's ghost, journeyman SpCj


Innate Abilities, Weirdness & Mutations

You are too large for most types of armour.
You have claws for hands.
You are frail. (-10% HP)
Your natural rate of healing is unusually fast.
You are covered in fur. (AC +1)
You have tough skin. (AC +1)
You are hated by all.
You are somewhat inexperienced. (-1 XL)
You are sensitive to extremes of temperature. (rF-, rC-)


Message History

The naga ritualist invokes the aid of its god against you.
You feel yourself grow more vulnerable to poison.
The black mamba closely misses you.
You mangle the naga ritualist!!
You kill the naga ritualist!
You feel very sick. The nagaraja completely misses you.
You redirect the black mamba's attack!
The black mamba misses itself.
You eviscerate the black mamba!!!
You kill the black mamba!
You feel very sick.
The nagaraja begins to cast a spell, but is stunned by your conviction!
The naga warrior begins to attack, but is stunned by your conviction!
You block the nagaraja's attack.
You feel very sick. The nagaraja attacks as it pursues you!
You block the nagaraja's attack.
Things that are here:
a +0 long sword; a +0 robe; a naga corpse You feel very sick.
You block the nagaraja's attack. The nagaraja grabs you.
The nagaraja constricts you.
The naga warrior begins to attack, but is stunned by your conviction!
You eviscerate the nagaraja!!!
The nagaraja is heavily wounded.
You feel sick. The nagaraja spits poison at you.
The splash of poison hits you!!!
You are more poisoned.
* * * LOW HITPOINT WARNING * * *
The nagaraja constricts you.
* * * LOW HITPOINT WARNING * * *
You claw the nagaraja!
The nagaraja is heavily wounded.
* * * LOW HITPOINT WARNING * * *
You feel extremely sick.
The nagaraja points at you and mumbles some strange words.
The bolt of poison misses you. The nagaraja constricts you.
You die...
Ru respects your ultimate sacrifice.

#. .........##..........##. #..#
..........#.)........#..
....#######.....##).....[..#S.
..................)........#..
............N..........[...#..
.....................).[...#..
..................).÷......#..
#........##.N......)......#..
##......####@†..........<.#..
#.....## #)†............#..
#......# ##.†............#.#
#......###...............###
#####......#....................
.......................###......
'#.............##'### ##....#
#....†........# ... #....#
#.............# ... ##....#


You could see a nagaraja (fast, catching breath) and a naga warrior.

Vanquished Creatures
  Saint Roka (Snake:4)
  Nikola (Snake:1)
  Jorgrun (Orc:2)
  Mlioglotl (Snake:3)
  Gastronok (Lair:2)
  A tengu reaver (Depths:1)
  A fire giant (D:15)
  3 nagarajas
  A frost giant (Depths:1)
  A quicksilver ooze (Gauntlet)
  3 stone giants
  3 very ugly things (D:15)
  An ironbound preserver (D:13)
  A vampire knight (D:15)
  A minotaur (Gauntlet)
  A spark wasp (D:15)
  Azrael (D:13)
  3 ettins
  A rakshasa (D:15)
  An ice dragon (D:15)
  8 hydras
  2 salamander tyrants
  A death knight (D:15)
  2 catoblepae
  7 centaur warriors
  14 anacondas
  6 two-headed ogres
  A deep troll earth mage (D:15)
  4 boulder beetles
  3 death yaks (Lair:5)
  5 tengu warriors
  An occultist (D:15)
  A death scarab (Gauntlet)
  3 orc high priests (Orc:2)
  8 shock serpents
  9 naga sharpshooters
  A spriggan berserker (D:15)
  10 naga warriors
  2 skysharks
  2 salamander mystics (Snake:2)
  2 iron trolls (D:15)
  5 skeletal warriors
  16 mana vipers
  An arcanist (D:14)
  3 deep trolls
  A glowing orange brain (D:15)
  A sun moth (shapeshifter) (D:15)
  A spectral hydra (Gauntlet)
  A lindwurm (Lair:2)
  A necromancer (Depths:1)
  An obsidian bat (Orc:2)
  8 naga ritualists
  Pikel (D:6)
  A deep elf pyromancer (D:14)
  7 orc sorcerers
  17 salamanders
  13 cyclopes
  12 elephants
  2 manticores
  23 ugly things
  46 black mambas
  8 naga magi
  A fire giant skeleton (Depths:1)
  An eye of devastation (Gauntlet)
  4 guardian serpents
  2 torpor snails
  13 cane toads
  A gargoyle (D:12)
  2 unseen horrors
  7 rime drakes
  2 kobold demonologists (D:13)
  A spriggan zombie (Depths:1)
  An efreet (D:14)
  A minotaur zombie (Gauntlet)
  12 komodo dragons
  A tengu conjurer (D:13)
  A tengu simulacrum (Depths:1)
  6 trolls
  7 polar bears
  7 hornets
  A queen bee (Lair:3)
  21 blink frogs
  17 dream sheep
  Prince Ribbit (D:4)
  A snapping turtle (Lair:3)
  A glass eye (Gauntlet)
  3 slime creatures (D:14)
  2 shadows (D:11)
  13 spriggans (Lair:5)
  3 wyverns
  A wraith (D:13)
  A water elemental (Lair:3)
  A vampire (D:12)
  2 wargs
  57 yaks
  12 basilisks
  3 fire elementals
  11 vampire mosquitoes
  41 nagas
  Edmund (D:4)
  14 water moccasins
  3 hell hounds (D:13)
  An ice beast (D:6)
  27 orc warriors
  6 laughing skulls
  Pargi (Sewer)
  6 ogres
  8 black bears
  32 wolves
  7 centaurs
  3 boggarts (Lair:5)
  4 lemures (D:6)
  2 phantoms
  7 kobold brigands
  A brain worm (Sewer)
  15 bullfrogs
  8 scorpions
  24 wights
  33 killer bees
  6 electric eels
  4 howler monkeys
  3 bombardier beetles
  2 jellies (D:4)
  5 hounds
  32 orc priests
  A gnoll bouda (D:9)
  Natasha (thrice) (D:2)
  Terence (D:2)
  44 orc wizards
  3 iguanas
  6 gnolls
  8 adders
  2 river rats (D:3)
  2 ufetubi
  7 dart slugs
  A ribbon worm (D:2)
  68 orcs
  7 endoplasms
  6 giant cockroaches
  6 hobgoblins
  4 jackals (D:4)
  3 quokkas
  17 ball pythons
  2 bats (D:1)
  2 frilled lizards (Sewer)
  7 goblins
  26 kobolds
  13 rats
1045 creatures vanquished.

Vanquished Creatures (others)
  2 stone giants (D:15)
  A hydra (Lair:4)
  Sonja (D:13)
  2 black mambas
  A cane toad (Lair:4)
  A wraith (D:12)
  A wyvern (Lair:4)
  A bullfrog (D:7)
  A killer bee (Lair:3)
  2 orc priests (Orc:2)
  4 orcs
  2 kobolds
19 creatures vanquished.

Grand Total: 1064 creatures vanquished

Notes
Turn   | Place    | Note
-------+----------+-------------------------------------------
     0 | D:1      | TrayleKats the Troll Fighter began the quest for the Orb.
     0 | D:1      | Reached XP level 1. HP: 22/22 MP: 0/0
    97 | D:1      | Reached XP level 2. HP: 29/29 MP: 1/1
   143 | D:1      | Found a faded altar of an unknown god.
   155 | D:1      | Prayed at the altar of an unknown god.
   155 | D:1      | Became a worshipper of Ru the Awakened
   160 | D:1      | Gained mutation: You are hated by all. [Ru sacrifice]
   160 | D:1      | Reached * piety under Ru
   197 | D:1      | Reached XP level 3. HP: 27/36 MP: 2/2
   211 | D:1      | Reached skill level 3 in Unarmed Combat
   661 | D:2      | Noticed Natasha
   665 | D:2      | Killed Natasha
   666 | D:2      | Reached XP level 4. HP: 43/44 MP: 3/3
   903 | D:2      | Noticed Terence
   914 | D:2      | Killed Terence
  1117 | D:2      | Noticed Natasha
  1129 | D:2      | Killed Natasha
  1130 | D:2      | Reached skill level 4 in Unarmed Combat
  1130 | D:2      | Reached XP level 5. HP: 37/53 MP: 4/4
  1509 | D:2      | Noticed Natasha
  1514 | D:2      | Killed Natasha
  2100 | D:3      | Reached XP level 6. HP: 58/61 MP: 5/5
  2107 | D:3      | Found a glowing drain.
  2114 | Sewer    | Entered a sewer
  2193 | Sewer    | Noticed Pargi
  2206 | Sewer    | Killed Pargi
  2207 | Sewer    | Reached skill level 1 in Throwing
  2236 | Sewer    | Reached skill level 5 in Unarmed Combat
  2530 | D:4      | Gained mutation: You are frail. (-10% HP) [Ru sacrifice]
  2530 | D:4      | Reached ** piety under Ru
  2530 | D:4      | Reached *** piety under Ru
  2620 | D:4      | Reached XP level 7. HP: 61/61 MP: 6/6
  2645 | D:4      | Found a staircase to the Ecumenical Temple.
  2842 | D:4      | Reached skill level 6 in Unarmed Combat
  3002 | D:4      | Noticed Edmund
  3016 | D:4      | Killed Edmund
  3017 | D:4      | Reached XP level 8. HP: 67/70 MP: 7/7
  3028 | D:4      | Found a shimmering blue altar of Sif Muna.
  3196 | D:5      | Entered Level 5 of the Dungeon
  3202 | D:5      | Noticed Prince Ribbit
  3223 | D:4      | Killed Prince Ribbit
  3224 | D:4      | Reached skill level 5 in Shields
  3224 | D:4      | Reached skill level 7 in Unarmed Combat
  3375 | D:5      | Found Ehis's Armour Emporium.
  3663 | D:5      | Reached skill level 5 in Fighting
  3872 | D:6      | Noticed Pikel
  3883 | D:6      | Reached XP level 9. HP: 59/79 MP: 8/8
  3891 | D:6      | Reached skill level 8 in Unarmed Combat
  3912 | D:6      | Killed Pikel
  4141 | D:6      | Gained mutation: You are sensitive to extremes of
                  | temperature. (rF-, rC-) [Ru sacrifice]
  4141 | D:6      | Reached **** piety under Ru
  4141 | D:6      | Reached ***** piety under Ru
  4398 | D:6      | Found a snail-covered altar of Cheibriados.
  4398 | D:6      | Found an opulent altar of Gozag.
  4474 | D:7      | Found a shadowy altar of Dithmenos.
  4506 | D:7      | Reached skill level 9 in Unarmed Combat
  5044 | D:7      | Reached skill level 5 in Throwing
  5056 | D:7      | Found a white marble altar of Elyvilon.
  5599 | D:8      | Found a hide-covered altar of Uskayaw.
  5605 | D:8      | Reached XP level 10. HP: 88/88 MP: 9/9
  5779 | D:8      | Reached skill level 10 in Unarmed Combat
  6099 | D:8      | Gained mutation: You are somewhat inexperienced. (-1 XL)
                  | [Ru sacrifice]
  6099 | D:8      | Reached XP level 9. HP: 63/77 MP: 8/8
  6099 | D:8      | Reached ****** piety under Ru
  6194 | D:8      | Found a staircase to the Lair.
  6331 | D:8      | Found a broken altar of Ashenzari.
  6591 | Lair:1   | Entered Level 1 of the Lair of Beasts
  6673 | Lair:1   | Reached skill level 11 in Unarmed Combat
  6703 | Lair:1   | You fall into a shaft and drop 1 floor!
  6748 | Lair:2   | Noticed Gastronok
  6810 | Lair:2   | Killed Gastronok
  6811 | Lair:2   | Reached XP level 10. HP: 91/91 MP: 9/9
  7288 | Lair:2   | Noticed a lindwurm
  7296 | Lair:2   | Killed a lindwurm
  7581 | Lair:2   | Noticed a skyshark
  7596 | Lair:2   | Killed a skyshark
  7597 | Lair:2   | Reached skill level 12 in Unarmed Combat
  9073 | Lair:3   | Reached XP level 11. HP: 99/99 MP: 10/10
  9306 | Lair:3   | Found a runed translucent door.
  9306 | Lair:3   | Found a shimmering altar of Xom.
  9306 | Lair:3   | Noticed Dineis's ghost (journeyman SpCj)
  9359 | Lair:3   | Reached skill level 13 in Unarmed Combat
  9615 | Lair:3   | Identified a scroll of acquirement
  9615 | Lair:3   | Acquired a manual of Dodging
  9766 | Lair:3   | Found a staircase to the Snake Pit.
  9863 | Lair:3   | Found a staircase to the Shoals.
  9863 | Lair:3   | Noticed a four-headed hydra
  9879 | Lair:3   | Killed a four-headed hydra
 10095 | Lair:3   | Reached skill level 1 in Armour
 10535 | Lair:4   | Noticed a five-headed hydra
 10545 | Lair:4   | Killed a five-headed hydra
 10743 | Lair:4   | Found a gate leading to a gauntlet.
 10749 | Gauntlet | Entered a Gauntlet
 10749 | Gauntlet | Found a transporter.
 10749 | Gauntlet | Found a transporter.
 10754 | Gauntlet | Found a transporter.
 10769 | Gauntlet | Found a transporter.
 10785 | Gauntlet | Found a transporter.
 10798 | Gauntlet | Found a transporter.
 10808 | Gauntlet | Noticed a quicksilver ooze
 10814 | Gauntlet | Found a transporter.
 10876 | Gauntlet | Noticed a death scarab
 10880 | Gauntlet | Found a transporter.
 10895 | Gauntlet | Found a transporter.
 10911 | Gauntlet | Found a transporter.
 10924 | Gauntlet | Found a transporter.
 10926 | Gauntlet | Found a large runed translucent door.
 10926 | Gauntlet | Found a large runed translucent door.
 10927 | Gauntlet | Found a large runed translucent door.
 10927 | Gauntlet | Found a large runed translucent door.
 10928 | Gauntlet | Found a large runed translucent door.
 10928 | Gauntlet | Found a large runed translucent door.
 10928 | Gauntlet | Found a runed translucent door.
 10928 | Gauntlet | Found a runed translucent door.
 10928 | Gauntlet | Found a large runed translucent door.
 10929 | Gauntlet | Found a large runed translucent door.
 10936 | Gauntlet | Found a large runed translucent door.
 10936 | Gauntlet | Found a large runed translucent door.
 10937 | Gauntlet | Found a large runed translucent door.
 10937 | Gauntlet | Found a large runed translucent door.
 10938 | Gauntlet | Found a large runed translucent door.
 10938 | Gauntlet | Found a large runed translucent door.
 10939 | Gauntlet | Found a runed translucent gate.
 10939 | Gauntlet | Found a runed translucent gate.
 10939 | Gauntlet | Found a runed translucent gate.
 10941 | Gauntlet | Found a transporter.
 11008 | Gauntlet | Found a transporter.
 11014 | Gauntlet | Noticed a death scarab
 11023 | Gauntlet | Found a transporter.
 11024 | Gauntlet | Found a large runed translucent door.
 11025 | Gauntlet | Found a large runed translucent door.
 11032 | Gauntlet | Found a transporter.
 11062 | Gauntlet | Found a transporter.
 11096 | Gauntlet | Reached skill level 14 in Unarmed Combat
 11125 | Gauntlet | Killed a death scarab
 11487 | Gauntlet | Killed a quicksilver ooze
 11488 | Gauntlet | Reached XP level 12. HP: 109/109 MP: 11/11
 11522 | Gauntlet | Identified the +1 cloak of the Guild-Master {rC++ Regen+
                  | Str-4}
 11548 | Gauntlet | Noticed a minotaur
 11557 | Gauntlet | Killed a minotaur
 11562 | Gauntlet | Identified the +2 trident of Asaitaum {venom, ^Drain Str+4}
 11562 | Gauntlet | Identified the staff "Fymomihuqu" {rElec rF+ rC+ rN+ Ice}
 11563 | Gauntlet | Got the Catalogue of Ignition and the Gargoyle
 11875 | Lair:4   | Reached skill level 5 in Dodging
 12528 | Lair:5   | Entered Level 5 of the Lair of Beasts
 12528 | Lair:5   | Found a staircase to the Slime Pits.
 12568 | Lair:5   | Reached skill level 10 in Shields
 12689 | Lair:5   | Reached skill level 15 in Unarmed Combat
 12862 | Lair:5   | Reached XP level 13. HP: 111/117 MP: 12/12
 13317 | Lair:5   | Reached skill level 10 in Throwing
 14265 | D:9      | Found a staircase to the Orcish Mines.
 14501 | D:9      | You fall into a shaft and drop 3 floors!
 14511 | D:10     | Entered Level 10 of the Dungeon
 14523 | D:10     | Reached skill level 10 in Fighting
 14671 | D:10     | Found a radiant altar of Vehumet.
 15097 | D:11     | Found a transporter.
 15226 | D:11     | Reached skill level 5 in Armour
 15274 | D:11     | Reached skill level 16 in Unarmed Combat
 15294 | D:11     | Found a transporter.
 16154 | D:12     | Reached XP level 14. HP: 128/128 MP: 13/13
 16558 | D:12     | Reached skill level 10 in Dodging
 16558 | D:12     | Reached XP level 15. HP: 134/134 MP: 14/14
 17097 | D:13     | Found a gate to the Vaults.
 17151 | D:13     | Noticed Azrael
 17163 | D:13     | Noticed Sonja
 17173 | D:13     | Killed Azrael
 17204 | D:13     | Killed Sonja
 17276 | D:13     | Identified the +8 shortbow of the Past {heavy, Will++}
 17978 | D:14     | Upgraded the game from 0.32-a0-711-g016ad743e0 to
                  | 0.32-a0-791-gfc315c9ecd
 18356 | D:14     | Found a bloodstained altar of Trog.
 18736 | D:15     | Entered Level 15 of the Dungeon
 19244 | D:15     | Found a staircase to the Depths.
 19503 | Orc:1    | Entered Level 1 of the Orcish Mines
 19560 | Orc:2    | Entered Level 2 of the Orcish Mines
 19651 | Orc:2    | Reached skill level 17 in Unarmed Combat
 20544 | Orc:2    | Found Beqaiwu's Magic Scroll Shoppe.
 20544 | Orc:2    | Noticed Jorgrun
 20546 | Orc:2    | Found Qynihoc's Antique Weapon Emporium.
 20555 | Orc:2    | Killed Jorgrun
 20560 | Orc:2    | Found Xeida's Assorted Antiques.
 20568 | Orc:2    | Found Saivua's Book Shoppe.
 20598 | Orc:2    | Bought a scroll of fear for 44 gold pieces
 20598 | Orc:2    | Bought a scroll of teleportation for 33 gold pieces
 20598 | Orc:2    | Bought a scroll of enchant armour for 82 gold pieces
 20600 | Orc:2    | Bought a potion of mutation for 208 gold pieces
 20600 | Orc:2    | Bought a potion of mutation for 208 gold pieces
 20903 | Orc:2    | Found a staircase to the Elven Halls.
 21414 | Snake:1  | Entered Level 1 of the Snake Pit
 21605 | Snake:1  | Noticed Nikola
 21862 | Snake:1  | Killed Nikola
 22105 | Snake:1  | Reached XP level 16. HP: 24/128 MP: 6/15
 23967 | Depths:1 | Entered Level 1 of the Depths
 25649 | Depths:1 | Reached skill level 18 in Unarmed Combat
 27262 | Depths:1 | Noticed a caustic shrike
 27512 | Slime:1  | Entered Level 1 of the Pits of Slime
 29326 | Snake:3  | Reached XP level 17. HP: 154/154 MP: 16/16
 30268 | Snake:4  | Entered Level 4 of the Snake Pit
 30268 | Snake:4  | Noticed Mlioglotl
 30284 | Snake:3  | Killed Mlioglotl
 30844 | Snake:4  | Noticed Saint Roka
 30870 | Snake:4  | Killed Saint Roka
 32300 | Snake:4  | HP: 3/154 [poisoned by a nagaraja (splash of poison)]
 32300 | Snake:4  | Constricted to death by a nagaraja

Illustrated notes

Levels and vault maps discovered:
D:1:      dpeg_arrival_ratfight, layout_basic,
          nicolae_ecumenical_snake_handling,
          nicolae_concentric_dashed_squares_mild, minmay_indecisive_spiral
D:2:      layout_loops_corners, uniq_terence, uniq_natasha
D:3:      layout_basic, portal_sewer_entry_b
D:4:      minmay_diamond_boxcup, layout_basic, led_sif_pool,
          minmay_temple_entry_mini_moons, uniq_edmund
D:5:      layout_gridville, serial_shops, shop,
          serial_library_hellmonk_statue_hall, uniq_prince_ribbit1
D:6:      layout_loops_ring, gammafunk_temple_overflow_wave,
          minmay_misc_feat_tiny, uniq_pikel
D:7:      layout_basic, mainiacjoe_overflow_boulevard, amcnicky_altar_gilded
D:8:      layout_gridville, cheibrodos_ashenzari_chains,
          mainiacjoe_overflow_tiny_flanked, erik_lair_island,
          kennysheep_generic_room_4
D:9:      layout_irregular_city, orc_0_dummy
D:10:     layout_rooms, nicolae_vehumet_radiance, serial_glass, glass_columns_a,
          glass_columns_b, item_on_display_a, feat_on_display,
          due_unseen_surprise, minmay_strange_pillars,
          nicolae_figureground_pulse
D:11:     gammafunk_wand_slinger, layout_irregular_city
D:12:     layout_cave_pods, minmay_fractal_squares_5
D:13:     layout_stronghold, skrybe_vaults_entry_preservation,
          kennysheep_generic_room_16, uniq_azrael, uniq_sonja
D:14:     layout_roguey, bloody_trog, nrook_campfire, fedhas_altar_1
D:15:     grunt_enter_depths_snipers, layout_rooms, grunt_decor_mini_mirrors
Lair:1:   layout_cave_pods
Lair:2:   layout_regular_city, serial_forest, infiniplex_forest_straight_2,
          infiniplex_forest_lined_1, infiniplex_forest_fountain,
          infiniplex_forest_end_1, infiniplex_forest_straight_4,
          infiniplex_forest_clump_small, serial_bayou_lagoon_b, uniq_gastronok
Lair:3:   regret_index_harrowing_hell_hive, layout_regular_city,
          minmay_shoals_entry_hut, minmay_snake_entry_guardpost_medium,
          ebering_ghost_xom, gammafunk_lair_bear_cave
Lair:4:   nzn_winding_woodlands_small [nzn_winding_woodlands_5x15_cabin,
          nzn_winding_woodlands_center_pierced_h,
          nzn_winding_woodlands_5x15_pockets], layout_gridlike,
          gauntlet_entry_generic, grunt_megastairs_2,
          infiniplex_staircase_pool_2
Lair:5:   minmay_lair_end_enchanted_forest, layout_regular_city, slime_entry_1,
          chequers_serial_rivers_micro_d, grunt_megastairs_5
Snake:1:  layout_misc_corridors, uniq_nikola
Snake:2:  nicolae_snake_crotalidae_crossing, layout_grid_maze,
          grunt_megastairs_4
Snake:3:  layout_gridlike
Snake:4:  grunt_snake_rune_serpentine_throne, layout_cave_town,
          serial_bayou_shore_b, uniq_mlioglotl, uniq_saint_roka
Slime:1:  layout_caves
Orc:1:    layout_caves, serial_shops, shop_fountains
Orc:2:    st_orc_mages, layout_caves, bh_open_orc_temple, uniq_jorgrun
Depths:1: layout_cave_shapes, hellmouth_3, abyss_entry_small_statue_room,
          beargit_hepliaklqana_dungeon_heroes, kennysheep_random_hallway

Skill      XL: |  1  2  3  4  5  6  7  8  9 10 11 12 13 14 15 16 17 |
---------------+----------------------------------------------------+-----
Shields        | 3 4 5 6 8 9 10 11 12 13 | 13.1
Unarmed Combat | 3 4 5 6 7 11 12 14 15 16 17 18 | 18.7
Fighting       | 3 4 5 7 8 9 10 11 12 | 12.2
Throwing       | 1 2 4 6 7 8 9 10 11 12 | 12.8
Armour         | 2 3 5 6 7 8 |  8.6
Dodging        | 4 6 8 10 11 12 | 12.9

Action                     |  1- 3 |  4- 6 |  7- 9 | 10-12 | 13-15 | 16-18 || total
---------------------------+-------+-------+-------+-------+-------+-------++-------
  Melee: Unarmed           |    86 |   128 |   381 |   800 |  1217 |   764 ||  3376
  Throw: Dart              |       |     3 |     3 |       |       |       ||     6
         Boomerang         |       |       |    14 |    43 |    42 |   224 ||   323
         Large rock        |       |       |       |       |       |    39 ||    39
 Invoke: Sacrifice Love    |     1 |       |       |       |       |       ||     1
         Sacrifice Health  |       |     1 |       |       |       |       ||     1
         Power Leap        |       |       |     1 |     1 |     2 |     1 ||     5
         Sacrifice Experie |       |       |     1 |       |       |       ||     1
         Sacrifice Resista |       |       |     1 |       |       |       ||     1
         Apocalypse        |       |       |       |     1 |     4 |     3 ||     8
    Use: Scroll            |       |     6 |    13 |    12 |     3 |     1 ||    35
         Potion            |       |       |       |     7 |     3 |     9 ||    19
   Stab: Sleeping          |       |       |     2 |       |       |       ||     2
         Invisible         |       |       |     1 |     7 |     6 |     6 ||    20
         Distracted        |       |       |     1 |     4 |     3 |     2 ||    10
         Paralysed         |       |       |       |     8 |    16 |     3 ||    27
         Petrified         |       |       |       |       |       |     5 ||     5
 Armour: Robe              |    32 |    49 |   132 |   294 |   457 |   325 ||  1289
  Dodge: Dodged            |    21 |    59 |   140 |   396 |   530 |   346 ||  1492
  Block: Kite shield       |    25 |    50 |   138 |   556 |   796 |   510 ||  2075

Table legend: (Time is in decaauts)
 A = Elapsed time spent in this place.
 B = Non-inter-level travel time spent in this place.
 C = Inter-level travel time spent in this place.
 D = Time resting spent in this place.
 E = Time spent auto-exploring this place.
 F = Levels seen in this place.
 G = Mean time per level.
                   A        B        C        D        E       F      G
               +--------+--------+--------+--------+--------+-----+--------+
         Total |  31738 |  29595 |   2143 |   8247 |  15023 |  30 | 1057.9 |
       Dungeon |  15075 |  13797 |   1278 |   3172 |   7944 |  15 | 1005.0 |
          Lair |   6730 |   6149 |    581 |    940 |   3602 |   5 | 1346.0 |
     Snake Pit |   6843 |   6610 |    233 |   2883 |   2454 |   4 | 1710.8 |
    Slime Pits |      1 |      1 |      0 |      0 |      0 |   1 |    1.0 |
  Orcish Mines |   1761 |   1714 |     47 |    788 |    582 |   2 |  880.5 |
        Depths |    320 |    317 |      3 |    123 |     46 |   1 |  320.0 |
         Sewer |    171 |    171 |      0 |      0 |     83 |   1 |  171.0 |
      Gauntlet |    833 |    833 |      0 |    340 |    312 |   1 |  833.0 |
               +--------+--------+--------+--------+--------+-----+--------+

Top non-repeatable levels by time:
    D:15: 3141 daAuts
 Snake:2: 2405 daAuts
 Snake:3: 1958 daAuts
  Lair:3: 1784 daAuts
  Lair:2: 1554 daAuts
    D:13: 1524 daAuts
  Lair:5: 1408 daAuts
 Snake:1: 1250 daAuts
 Snake:4: 1229 daAuts
     D:8: 1227 daAuts
    D:12: 1128 daAuts
  Lair:4: 1079 daAuts
     D:2: 1028 daAuts
   Orc:1: 991 daAuts
    D:14: 985 daAuts
